 Dungeon Crawl Stone Soup version 0.29-a0-813-g4a14ea37d6 (webtiles) character file.

Game seed: 985287209066422474

18 LynnLen the Sneak (level 2, -1/14 HPs)
             Began as a Vampire Enchanter on July 4, 2022.
             Slain by a quokka (3 damage)
             ... on level 2 of the Dungeon.
             The game lasted 00:03:50 (593 turns).

LynnLen the Sneak (Vampire Enchanter)                Turns: 593, Time: 00:03:51

Health: -1/14      AC:  2    Str:  7    XL:     2   Next: 51%
Magic:  5/5        EV: 12    Int: 17    God:
Gold:   51         SH:  0    Dex: 14    Spells: 5/5 levels left

rFire   . . .      SeeInvis +   a - +1 dagger
rCold   + + .      Faith    .   (no shield)
rNeg    + + +      Spirit   .   b - +0 robe
rPois   ∞          Reflect  .   (no helmet)
rElec   .          Harm     .   (no cloak)
rCorr   .          Rampage  .   (no gloves)
Will    .....                   (no boots)
Stlth   +++++.....              (no amulet)
HPRegen 0.00/turn               (no ring)
MPRegen 0.09/turn               (no ring)

@: bloodless, inhibited regen
A: bloodless, fangs 3, see invisible, vampiric 1, [frail 1]
a: Revivify


You were on level 2 of the Dungeon.
You visited 1 branch of the dungeon, and saw 2 of its levels.

You collected 51 gold pieces.

Inventory:

Hand Weapons
 a - a +1 dagger (weapon)
Armour
 b - a +0 robe (worn)
Scrolls
 f - a scroll of teleportation {unknown}
 g - a scroll of noise {unknown}
 h - a scroll of identify {unknown}
Potions
 c - 2 potions of invisibility
 d - a potion of attraction {unknown}
 e - a potion of heal wounds {unknown}
 i - a potion of degeneration {unknown}


   Skills:
 * Level 0.4 Fighting
 + Level 1.3 Short Blades
 + Level 2.2 Dodging
 + Level 5.0 Stealth
 + Level 2.0 Spellcasting
 + Level 4.9 Hexes


You had 5 spell levels left.
You didn't know any spells.
Your spell library contained the following spells:

 Spells                   Type           Power      Damage    Failure   Level
 Confusing Touch          Hex            18%        N/A       8%          3
 Tukima's Dance           Hex            18%        N/A       8%          3
 Ensorcelled Hibernation  Hex/Ice        20%        N/A       11%         2
 Dazzling Flash           Conj/Hex       20%        N/A       22%         3


Dungeon Overview and Level Annotations

Branches:
Dungeon (1/15)

Altars:
Trog


Innate Abilities, Weirdness & Mutations

You do not regenerate when monsters are visible.
You are frail without blood (-20% HP).
You can heal yourself when you bite living creatures.
You are immune to poison.
You have razor-sharp teeth.
You have supernaturally acute eyesight. (SInv)
You are afflicted with vampirism.
[You are frail. (-10% HP)]


Message History

Found 9 gold pieces.
Found a silvery potion.
The goblin shouts!
The goblin hits you but does no damage.
You hit the goblin.
You kill the goblin!
c - 2 potions of invisibility (gained 1)
A dart slug comes into view.
Found 7 gold pieces.
You barely miss the dart slug. The dart slug launches a dart at you.
The slug dart misses you.
You hit the dart slug.
The dart slug is heavily wounded.
The dart slug closely misses you.
You hit the dart slug.
The dart slug is severely wounded.
You hit the dart slug but do no damage.
The dart slug is severely wounded.
The dart slug bites you.
You hit the dart slug.
The dart slug is almost dead.
The dart slug launches a dart at you. The slug dart hits you.
You completely miss the dart slug.
The dart slug is almost dead.
You hit the dart slug.
You kill the dart slug!
A quokka comes into view.
You see here a silvery potion.
i - a silvery potion You hit the quokka but do no damage.
The quokka bites you.
You barely miss the quokka. The quokka bites you.
* * * LOW HITPOINT WARNING * * *
The quokka misses you.
Okay, then.
You hit the quokka.
The quokka is heavily wounded.
The quokka bites you.
You die...

#.. #.. #.# #.# #.# ##.#######
#########........#
######......##..@.....#
.........)......r.....######
######......##..............##
#......##........## ##..###
#......##....$...# #.....##
####.............# #..#+#..#
#.......#########.##.##.#
#.......##....#...#...#..
##### #...$...##......#
##+####


You could see a quokka.

Vanquished Creatures
  A dart slug (D:2)
  3 endoplasms (D:1)
  2 goblins
  5 hobgoblins
  2 bats
13 creatures vanquished.

Notes
Turn   | Place    | Note
-------+----------+-------------------------------------------
     0 | D:1      | LynnLen the Vampire Enchanter began the quest for the Orb.
     0 | D:1      | Reached XP level 1. HP: 13/13 MP: 3/3
   248 | D:1      | Reached skill level 5 in Stealth
   248 | D:1      | Reached XP level 2. HP: 15/15 MP: 5/5
   323 | D:1      | You fall into a shaft and drop 1 floor!
   466 | D:2      | Found a bloodstained altar of Trog.
   593 | D:2      | Slain by a quokka

Illustrated notes

Levels and vault maps discovered:
D:1:      saegor_arrival_fortress, layout_basic,
          dreamdust_ecumenical_altar_grove
D:2:      cheibrodos_greedy_goblins, layout_basic, basic_altar, uniq_sigmund

Skill      XL: |  1 |
---------------+----+-----
Stealth        | 5 |  5.0
Fighting       | |  0.4
Short Blades   | |  1.3
Dodging        | |  2.2
Spellcasting   | |  2.0
Hexes          | |  4.9

Action                   || total
-------------------------++-------
Melee: Dagger            ||    55
       Bite              ||     4
 Abil: Exsanguinate      ||     2
       Revivify          ||     1
  Use: Potion            ||     1
 Stab: Sleeping          ||     3
Armor: Robe              ||     2
Dodge: Dodged            ||    29

Table legend: (Time is in decaauts)
 A = Elapsed time spent in this place.
 B = Non-inter-level travel time spent in this place.
 C = Inter-level travel time spent in this place.
 D = Time resting spent in this place.
 E = Time spent auto-exploring this place.
 F = Levels seen in this place.
 G = Mean time per level.
                   A        B        C        D        E       F      G
               +--------+--------+--------+--------+--------+-----+--------+
         Total |    589 |    589 |      0 |     69 |     11 |   2 |  294.5 |
       Dungeon |    589 |    589 |      0 |     69 |     11 |   2 |  294.5 |
               +--------+--------+--------+--------+--------+-----+--------+

Top non-repeatable levels by time:
     D:1: 321 daAuts
     D:2: 268 daAuts
